 Dungeon Crawl Stone Soup version 0.27-a0-1219-g958d993ae5 (webtiles) character file.

Game seed: 5684717695757518344

37 dickylongcocking the Magician (level 3, -3/25 HPs)
             Began as a Djinni Fire Elementalist on June 7, 2021.
             Slain by a phantom (4 damage)
             ... on level 2 of the Dungeon.
             The game lasted 00:00:59 (2674 turns).

dickylongcocking the Magician (DjFE)                Turns: 2674, Time: 00:01:00

Health: -3/25      AC:  2    Str:  7    XL:     3   Next: 62%
Gold:   43         EV: 12    Int: 17    God:
                   SH:  0    Dex: 13

rFire    + + +     SeeInvis .   h - +2 dagger (protect)
rCold    . . .     Faith    .   (no shield)
rNeg     . . .     Spirit   .   a - +0 robe
rPois    ∞         Reflect  .   (no helmet)
rElec    +         Harm     .   (no cloak)
rCorr    +         Rampage  .   (no gloves)
Will     .....                  (boots unavailable)
Stlth    ++........             (no amulet)
HPRegen  0.08/turn              (no ring)
MPRegen  0.00/turn              (no ring)

@: resistant, flying
A: sickness immunity, fire resistance 2, cold vulnerability 1, float, innate
caster, hp casting, extra vitality 1
a: no special abilities


You were on level 2 of the Dungeon.
You visited 1 branch of the dungeon, and saw 2 of its levels.

You collected 43 gold pieces.

Inventory:

Hand Weapons
 h - a +2 dagger of protection (weapon)
Armour
 a - a +0 robe (worn)
Scrolls
 c - a scroll of summoning {unknown}
 d - 2 scrolls of identify {unknown}
Potions
 b - a potion of might


   Skills:
 + Level 0.1 Fighting
 + Level 2.2 Dodging
 + Level 1.5 Stealth
 + Level 3.4 Spellcasting


You couldn't memorise any spells.
You knew the following spells:

 Your Spells              Type           Power      Damage    Failure   Level
a - Foxfire               Conj/Fire      56%        2x1d6     4%          1
b - Conjure Flame         Conj/Fire      14%        6-21      12%         3
c - Inner Flame           Hex/Fire       14%        N/A       12%         3
d - Sticky Flame          Conj/Fire      14%        2d4       38%         4
e - Fireball              Conj/Fire      7%         3d5       75%         5
f - Animate Skeleton      Necr           28%        N/A       4%          1
Your spell library was empty.

Dungeon Overview and Level Annotations

Branches:
Dungeon (2/15)

Altars:


Innate Abilities, Weirdness & Mutations

You are immune to sickness and miasma.
You are immune to poison.
Your flesh is very heat resistant. (rF++)
You are vulnerable to cold. (rC-)
You float through the air rather than walking.
You learn spells naturally, not from books.
Your magical power is your life essence.
You have superior vitality. (+4 HP)


Message History

You conjure some foxfire!
The endoplasm closely misses you.
Your magical contamination has completely faded away.
You hit the endoplasm.
Your weapon exudes an aura of protection.
The endoplasm is moderately wounded.
The foxfire hits the endoplasm.
The endoplasm is heavily wounded.
The foxfire hits the endoplasm.
You kill the endoplasm!
As you open the door, it creaks loudly!
An endoplasm and a phantom come into view.
There are monsters nearby!
There is an open door here.
There are monsters nearby!
There are monsters nearby!
You miss the phantom. The phantom hits you. The endoplasm misses you.
You conjure some foxfire!
The phantom hits you!
The phantom blinks!
You blink.
The foxfire hits the endoplasm.
The endoplasm is moderately wounded.
The foxfire hits the endoplasm.
You kill the endoplasm!
The phantom hits you.
The phantom blinks!
You blink.
Found 22 stones and 6 gold pieces.
Unknown command.
It was a potion of curing.
You feel better. The phantom hits you!
* * * LOW HITPOINT WARNING * * *
The phantom blinks!
You blink.
Unknown command.
Unknown command.
It was a potion of resistance.
You feel protected. The phantom hits you.
* * * LOW HITPOINT WARNING * * *
Unknown command.
Unknown command.
Okay, then.
As you read the scroll labelled ONYROZ SEDUNIOFU, it crumbles to dust.
You hear a loud clanging noise!
It was a scroll of noise.
The phantom hits you.
You die...

##...##.########.####
..........# #.........# .
#.###.##### #.#####.#†# ..
.. #.# #.# #.#.# #...#
##+## #.# #.#.# .$..
##...## #.# #.#.# ...(.
##.....## #.#####.#.#
......#.......##
#.......#.#
#.§.....W@###.....†...####
+.........'...............
#.........###.....#.#####.
##.......## #.#.#.#.#
##.....## #.###^#.#
##...## #.......# ##+##
#####.### #.# #.#


You could see a phantom.

Vanquished Creatures
  An adder (D:2)
  A dart slug (D:1)
  A bat (D:1)
  3 endoplasms
  A giant cockroach (D:1)
  3 goblins
  3 hobgoblins (D:1)
  3 kobolds (D:1)
  3 ball pythons (D:1)
  5 frilled lizards (D:1)
  3 rats
27 creatures vanquished.

Vanquished Creatures (others)
  97 foxfires
97 creatures vanquished.

Grand Total: 124 creatures vanquished

Notes
Turn   | Place    | Note
-------+----------+-------------------------------------------
     0 | D:1      | dickylongcocking the Djinni Fire Elementalist began the
                  | quest for the Orb.
     0 | D:1      | Reached XP level 1. HP: 15/15 MP: 0/0
   491 | D:1      | Reached XP level 2. HP: 17/21 MP: 0/0
  1173 | D:1      | Reached skill level 3 in Spellcasting
  1678 | D:1      | Reached XP level 3. HP: 12/25 MP: 0/0
  1678 | D:1      | Learned a level 1 spell: Animate Skeleton
  2666 | D:2      | Noticed a phantom
  2673 | D:2      | HP: 1/25 [phantom (6)]
  2674 | D:2      | Slain by a phantom

Illustrated notes

Levels and vault maps discovered:
D:1:      dpeg_arrival_renting, layout_basic, serial_rivers,
          chequers_serial_rivers_micro_c, chequers_serial_rivers_large_b,
          chequers_serial_rivers_marsh, chequers_serial_rivers_micro_e,
          chequers_serial_rivers_small_3, chequers_serial_rivers_large_a
D:2:      layout_loops_corners

Skill      XL: |  1  2 |
---------------+-------+-----
Spellcasting   | 3 |  3.4
Fighting       | |  0.1
Dodging        | |  2.2
Stealth        | |  1.5

Action                   || total
-------------------------++-------
Melee: Unarmed           ||    24
       Dagger            ||     3
 Cast: Foxfire           ||    64
  Use: Potion            ||     3
       Scroll            ||     1
Armor: Robe              ||     7
Dodge: Dodged            ||    29

Table legend: (Time is in decaauts)
 A = Elapsed time spent in this place.
 B = Non-inter-level travel time spent in this place.
 C = Inter-level travel time spent in this place.
 D = Time resting spent in this place.
 E = Time spent auto-exploring this place.
 F = Levels seen in this place.
 G = Mean time per level.
                   A        B        C        D        E       F      G
               +--------+--------+--------+--------+--------+-----+--------+
         Total |   2673 |   2655 |     18 |    269 |   2184 |   2 | 1336.5 |
       Dungeon |   2673 |   2655 |     18 |    269 |   2184 |   2 | 1336.5 |
               +--------+--------+--------+--------+--------+-----+--------+

Top non-repeatable levels by time:
     D:1: 2060 daAuts
     D:2: 613 daAuts
